 Dungeon Sprint DCSS version 0.14-a0-519-g334afa2 (webtiles) character file.

24 MDvedh the Cleaver (level 6, -1/85 HPs)
             Began as a Minotaur Berserker on Nov 2, 2013.
             Was a Priest of Trog.
             Slain by an iron devil
             ... wielding a +0,+0 scythe
              (14 damage)
             ... in the Dungeon (Sprint VI: "Thunderdome").
             The game lasted 00:03:10 (403 turns).

MDvedh the Cleaver (Minotaur Berserker)              Turns: 403, Time: 00:03:10

HP  -1/85        AC -3     Str 28      XL: 6   Next:  2%
MP   2/2         EV 14     Int  2      God: Trog [***...]
Gold 30          SH  0     Dex  9 (10) Spells:  0 memorised,  5 levels left

Res.Fire  : + . .   See Invis. : .   a - +0 hand axe
Res.Cold  : . . .   Warding    : .   b - +0 animal skin
Life Prot.: . . .   Conserve   : .   (no shield)
Res.Poison: .       Res.Corr.  : .   (helmet restricted)
Res.Elec. : .       Clarity    : .   n - -7 cloak of the Oligarchy {rF+ Int-2}
Sust.Abil.: . .     Spirit.Shd : .   (no gloves)
Res.Mut.  : .       Prev.Telep.: +   (no boots)
Res.Rott. : .       Flight     : .   (no amulet)
Saprovore : . . .                    (no ring)
                                     (no ring)

@: berserking, very quick, slightly resistant to hostile enchantments, extremely
unstealthy
A: retaliatory headbutt, horns 2
a: Burn Spellbooks, Berserk, Trog's Hand, Renounce Religion


You were in the Dungeon.
You worshipped Trog.
Trog was most pleased with you.
You were not hungry.

You visited 1 branch You collected 240 gold pieces.
You spent 210 gold pieces at shops.

Inventory:

Hand weapons
 a - a +0,+0 hand axe (weapon)
Armour
 b - a +0 animal skin (worn)
 n - the cursed -7 cloak of the Oligarchy (worn) {rF+ Int-2}
   (You bought it in a shop in the Dungeon)

   It affects your intelligence (-2).
   It protects you from fire.
   It has a curse placed upon it.
Magical devices
 k - a wand of cold (5)
 l - a wand of fire (5)
Comestibles
 c - a bread ration
Scrolls
 i - 4 scrolls of blinking
 m - 3 scrolls of fog
Potions
 d - a potion of curing
 e - a potion of heal wounds
 f - 3 potions of speed
 g - 2 potions of magic
 h - a potion of berserk rage
 j - a potion of resistance


   Skills:
 + Level 9.0 Fighting
 * Level 10.6 Axes
 + Level 4.8 Armour
 + Level 6.0 Dodging


You had 5 spell levels left.
You didn't know any spells.

Dungeon Overview and Level Annotations

Branches:
Dungeon (1/1)

Altars:
Cheibriados
Elyvilon
Fedhas
Kikubaaqudgha
Makhleb
Nemelex Xobeh
Okawaru
Sif Muna
Trog
Vehumet
Xom
Yredelemnul
Zin
the Shining One
Jiyva
Lugonu

Shops:
D *[%??*?*+[((!!!!


Innate Abilities, Weirdness & Mutations

You reflexively headbutt those who attack you in melee.
You have a pair of horns on your head.


Message History

The iron devil is lightly wounded.
The iron devil hits you with a scythe!
* * * LOW HITPOINT WARNING * * *
You are too injured to fight recklessly!
You are too injured to fight recklessly!
Use which ability? (? or * to list)
A red film seems to cover your vision as you go berserk!
You feel yourself moving faster!
You feel mighty!
You feel somewhat more hungry.
Unknown command.
You are too injured to fight recklessly!
You are too injured to fight recklessly!
Unknown command.
You are too injured to fight recklessly!
You are too injured to fight recklessly!
You slash the iron devil!
The iron devil is moderately wounded.
The iron devil closely misses you. You furiously retaliate!
You headbutt the iron devil. The iron devil hits you with a scythe!
You die...

#.....# ##.....## ##∩.....∩##
#∩.......∩# #_......._#
#_......._# #.........#
###.........### #⌠.....4@....⌠#
######.8..)......8.######
##∩__.......###.......__∩##
###∩........8.# #.8........∩###
#.............###.............##
⌠..........###...###..........⌠#
⌠.......%..# #.<.# #..........⌠#
⌠..........###...###..........⌠#
#.............###.............##


You could see an iron devil.

Vanquished Creatures
  A phantom (D)
  Sigmund (D)
  A crimson imp (D)
  A quasit (D)
  A scorpion (D)
  A lemure (D)
  A white imp (D)
  An ufetubus (D)
  2 goblins (D)
10 creatures vanquished.

Notes
Turn   | Place    | Note
--------------------------------------------------------------
     0 | D        | MDvedh, the Minotaur Berserker, began the quest for the Orb.
     0 | D        | Reached XP level 1. HP: 19/19 MP: 0/0
     2 | D        | Found a shimmering altar of Xom.
     2 | D        | Found a corrupted altar of Lugonu.
     3 | D        | Found a white marble altar of Elyvilon.
     3 | D        | Found a blossoming altar of Fedhas.
     4 | D        | Found Schisissa's Bee Food.
     4 | D        | Found Etang's Jewellery.
     4 | D        | Found a viscous altar of Jiyva.
     5 | D        | Found an ancient bone altar of Kikubaaqudgha.
     5 | D        | Round 1.
     6 | D        | Found Fruragui's Advanced Armour.
     6 | D        | Found Nejash's Identification Station.
    19 | D        | Found Eshrius' Magic Scroll Shop.
    19 | D        | Found Aquper Fripu's Magic Scroll Shop.
    21 | D        | Found Arraipluag's Must-Have Magic.
    21 | D        | Found Yngusmer's Staff Store.
    21 | D        | Found an iron altar of Okawaru.
    21 | D        | Found a basalt altar of Yredelemnul.
    33 | D        | Noticed a phantom
    56 | D        | Noticed Sigmund
    69 | D        | Killed Sigmund
    69 | D        | Reached skill level 6 in Fighting
    69 | D        | Reached XP level 2. HP: 27/27 MP: 0/0
    69 | D        | Reached XP level 3. HP: 34/34 MP: 1/1
    69 | D        | Reached XP level 4. HP: 41/41 MP: 1/1
    73 | D        | Acquired Trog's second power
    74 | D        | Killed a phantom
    74 | D        | Reached skill level 8 in Fighting
    74 | D        | Reached skill level 9 in Axes
    74 | D        | Reached XP level 5. HP: 33/49 MP: 1/1
   137 | D        | Arena points: 12 (+12) [x2]
   137 | D        | Reached skill level 5 in Dodging
   193 | D        | Round 2.
   213 | D        | Reached skill level 10 in Axes
   215 | D        | Found a glowing silver altar of Zin.
   216 | D        | Found a glowing golden altar of the Shining One.
   254 | D        | Reached XP level 6. HP: 23/57 MP: 2/2
   301 | D        | Noticed Grinder
   356 | D        | Bought a fine cloak for 210 gold pieces
   359 | D        | Identified the cursed -7 cloak of the Oligarchy {rF+ Int-2} (You bought it in a shop in the Dungeon)
   360 | D        | Arena points: 24 (+12) [x1]
   373 | D        | Found a bloodstained altar of Trog.
   373 | D        | Found a deep blue altar of Sif Muna.
   374 | D        | Found a snail-covered altar of Cheibriados.
   374 | D        | Found a sparkling altar of Nemelex Xobeh.
   375 | D        | Found Cloxzueh's Weapon Rack.
   375 | D        | Found Froiloy's Basic Armour.
   375 | D        | Round 3.
   377 | D        | Found Sojolez's Premium Goods.
   377 | D        | Found Qeteeg's Miscellaneous Merchandise.
   382 | D        | Found Stristriuc's Do-It-Yourself Clinic.
   383 | D        | Found Uniapo Ziuh's Bottled Wisdom.
   384 | D        | Found a burning altar of Makhleb.
   385 | D        | Found a radiant altar of Vehumet.
   385 | D        | Found Qiutaaj's Distillery.
   385 | D        | Found Cront's Distillery.
   393 | D        | Noticed an iron devil
   403 | D        | Slain by an iron devil

Action                   |  1- 3 |  4- 6 || total
-------------------------+-------+-------++-------
Melee: Hand axe          |    17 |    41 ||    58
Invok: Berserk           |     1 |     1 ||     2
  Use: Potion            |     4 |       ||     4
